 Dungeon Crawl Stone Soup version 0.27-a0-287-gd4424db430 (webtiles) character file.

Game seed: 9204023028366981808

403 lunkers the Chopper (level 6, -1/84 HPs)
             Began as a Palentonga Fighter on Feb 8, 2021.
             Slain by Eustachio
             ... wielding a +4 falchion of holy wrath
              (5 damage)
             ... on level 4 of the Dungeon.
             The game lasted 00:03:07 (3192 turns).

lunkers the Chopper (Palentonga Fighter)            Turns: 3192, Time: 00:03:07

Health: -1/84      AC:  8    Str: 21    XL:     6   Next: 55%
Magic:  6/6        EV:  5    Int:  9    God:
Gold:   200        SH:  9    Dex:  9    Spells: 5/5 levels left

rFire    . . .     SeeInvis +   a - +0 war axe
rCold    . . .     Faith    .   c - +0 kite shield
rNeg     . . .     Spirit   .   b - +0 scale mail
rPois    .         Reflect  .   z - +0 helmet
rElec    .         Harm     .   B - +0 cloak
rCorr    .         Rampage  .   (no gloves)
Will     .....                  (no barding)
Stlth    ..........             (no amulet)
HPRegen  0.24/turn              (no ring)
MPRegen  0.10/turn              (no ring)

@: berserking, very quick
A: large, rugged brown scales 3, see invisible, deformed body, roll 1, armoured
tail
a: Rolling Charge


You were on level 4 of the Dungeon.
You visited 1 branch of the dungeon, and saw 4 of its levels.

You collected 200 gold pieces.

Inventory:

Hand Weapons
 a - a +0 war axe (weapon)
Armour
 b - a +0 scale mail (worn)
 c - a +0 kite shield (worn)
 z - a +0 helmet (worn)
 B - a +0 cloak (worn)
Jewellery
 h - an uncursed ring of wizardry {unknown}
 w - an uncursed amulet of regeneration {unknown}
Scrolls
 g - 2 scrolls of enchant armour {unknown}
 m - 4 scrolls of magic mapping {unknown}
 n - a scroll of random uselessness {unknown}
 o - 3 scrolls of immolation {unknown}
 p - a scroll of remove curse {unknown}
 q - 2 scrolls of enchant weapon {unknown}
 r - a scroll of teleportation {unknown}
 t - 4 scrolls of identify {unknown}
 x - a scroll of fear {unknown}
 y - a scroll of amnesia {unknown}
Potions
 e - 2 potions of invisibility {unknown}
 f - a potion of ambrosia {unknown}
 i - a potion of degeneration {unknown}
 j - a potion of magic {unknown}
 k - a potion of mutation {unknown}
 l - 2 potions of brilliance {unknown}
 s - 2 potions of curing
 u - a potion of heal wounds {unknown}
 v - a potion of might
 A - a potion of attraction {unknown}


   Skills:
 + Level 4.4 Fighting
 * Level 5.1 Axes
 - Level 2.4 Armour
 + Level 3.7 Shields


You had 5 spell levels left.
You didn't know any spells.
Your spell library was empty.

Dungeon Overview and Level Annotations

Branches:
Dungeon (4/15)
 Temple: D:4-7

Altars:
Kikubaaqudgha
Nemelex Xobeh
Okawaru
Sif Muna
Uskayaw

Annotations:
D:4 Eustachio


Innate Abilities, Weirdness & Mutations

You are completely covered in rugged brown scales. (AC +3, +7% HP)
You have supernaturally acute eyesight. (SInv)
Armour fits poorly on your strangely shaped body.
You can roll at nearby foes to attack.
You have a long armoured tail.


Message History

You hit the river rat but do no damage.
Your tail-slap misses the river rat.
You block the river rat's attack. The river rat bites you.
* * * LOW HITPOINT WARNING * * *
You closely miss the river rat. The river rat bites you.
* * * LOW HITPOINT WARNING * * *
You closely miss the river rat. You tail-slap the river rat.
The river rat is heavily wounded.
The river rat bites you but does no damage.
Unknown command.
A red film seems to cover your vision as you go berserk!
You feel yourself moving faster!
You feel mighty! The river rat bites you.
* * * LOW HITPOINT WARNING * * *
Eustachio gestures wildly while chanting.
Eustachio blinks!
You slash the river rat!
You kill the river rat!
The river rat's corpse disappears in a puff of smoke!
You slash Eustachio!
Eustachio hits you with a +4 falchion of holy wrath.
You die...

........#
........##
$.....))†#
.....5§..#
########.#
#.## #55#
##§##
####@.##+##
#...@.....#
#.........#
#.........#
#.........#
#.........#
#.........#
########>##
### #.# #<#


You could see Eustachio, a crimson imp (summoned) and a white imp (summoned).

Vanquished Creatures
  A black bear (D:4)
  An ogre (D:4)
  Crazy Yiuf (D:3)
  Terence (D:3)
  A worker ant (D:4)
  An orc wizard (D:3)
  Robin (D:3)
  2 adders
  An ooze (D:2)
  A worm (D:3)
  5 leopard geckos
  9 orcs
  5 giant cockroaches
  20 goblins
  5 hobgoblins
  4 kobolds
  5 bats
  2 frilled lizards
  A jackal skeleton (D:4)
  A quokka zombie (D:4)
  6 rats
74 creatures vanquished.

Vanquished Creatures (others)
  A plant (D:2)
1 creature vanquished.

Grand Total: 75 creatures vanquished

Notes
Turn   | Place    | Note
-------+----------+-------------------------------------------
     0 | D:1      | lunkers the Palentonga Fighter began the quest for the Orb.
     0 | D:1      | Reached XP level 1. HP: 20/20 MP: 1/1
   155 | D:1      | Reached XP level 2. HP: 11/27 MP: 2/2
  1078 | D:2      | Found a sparkling altar of Nemelex Xobeh.
  1138 | D:2      | Reached XP level 3. HP: 27/33 MP: 3/3
  1362 | D:2      | Found an ancient bone altar of Kikubaaqudgha.
  1431 | D:2      | Found a hide-covered altar of Uskayaw.
  1455 | D:2      | Reached skill level 3 in Axes
  1833 | D:3      | Noticed Robin
  1855 | D:3      | Reached XP level 4. HP: 24/40 MP: 4/4
  1866 | D:3      | HP: 2/41 [poisoned by a goblin]
  2147 | D:3      | Killed Robin
  2324 | D:3      | Noticed Terence
  2341 | D:3      | Killed Terence
  2342 | D:3      | Reached skill level 4 in Axes
  2342 | D:3      | Reached XP level 5. HP: 27/49 MP: 5/5
  2641 | D:3      | Found a shimmering blue altar of Sif Muna.
  2712 | D:3      | Found a runed translucent door.
  2713 | D:3      | Noticed Crazy Yiuf
  2810 | D:3      | Found an iron altar of Okawaru.
  2914 | D:3      | Killed Crazy Yiuf
  3021 | D:4      | Noticed a black bear
  3024 | D:4      | Killed a black bear
  3025 | D:4      | Reached XP level 6. HP: 55/55 MP: 6/6
  3166 | D:4      | Noticed Eustachio
  3180 | D:4      | Reached skill level 5 in Axes
  3191 | D:4      | HP: 4/84 [river rat[Eustachio] (6)]
  3192 | D:4      | Slain by Eustachio

Illustrated notes

Levels and vault maps discovered:
D:1:      dpeg_arrival_arbitrary_c, layout_loops_ring, st_stairs_5,
          chequers_serial_rivers_room_a
D:2:      layout_basic, eat_drink_and_be_merry_uskayaw, lemuel_crystal_altar,
          general_overflow_altar, serial_bayou_pond_d,
          chequers_serial_rivers_micro_c, minmay_misc_feat_nine_boxes
D:3:      layout_basic, nicolae_overflow_hidden_temple, lemuel_crystal_altar,
          uniq_terence, uniq_crazy_yiuf_cottage, uniq_robin
D:4:      layout_basic, minmay_temple_entry_wispy, serial_bayou_pond_e,
          uniq_blork_the_orc, uniq_eustachio

Skill      XL: |  1  2  3  4  5  6 |
---------------+-------------------+-----
Axes           | 3 4 5 |  5.1
Shields        | 3 |  3.7
Fighting       | 4 |  4.4
Armour         | |  2.4

Action                   |  1- 3 |  4- 6 || total
-------------------------+-------+-------++-------
Melee: War axe           |   105 |    97 ||   202
       Tailslap          |    10 |    12 ||    22
 Abil: Rolling Charge    |    24 |    10 ||    34
  Use: Potion            |       |     6 ||     6
Armor: Scale mail        |    58 |    41 ||    99
Dodge: Dodged            |    34 |    25 ||    59
Block: Kite shield       |    56 |    72 ||   128

Table legend: (Time is in decaauts)
 A = Elapsed time spent in this place.
 B = Non-inter-level travel time spent in this place.
 C = Inter-level travel time spent in this place.
 D = Time resting spent in this place.
 E = Time spent auto-exploring this place.
 F = Levels seen in this place.
 G = Mean time per level.
                   A        B        C        D        E       F      G
               +--------+--------+--------+--------+--------+-----+--------+
         Total |   3305 |   3191 |    114 |    388 |   2335 |   4 |  826.2 |
       Dungeon |   3305 |   3191 |    114 |    388 |   2335 |   4 |  826.2 |
               +--------+--------+--------+--------+--------+-----+--------+

Top non-repeatable levels by time:
     D:2: 1123 daAuts
     D:1: 1024 daAuts
     D:3: 910 daAuts
     D:4: 245 daAuts
